 Dungeon Crawl Stone Soup version 0.22-a0-322-g60b3cfd (webtiles) character file.

427 grindst0ne the Gusty (level 6, -2/32 HPs)
             Began as a Tengu Air Elementalist on Apr 4, 2018.
             Slain by grindst0ne's ghost (7 damage)
             ... on level 4 of the Dungeon.
             The game lasted 00:10:15 (3568 turns).

grindst0ne the Gusty (Tengu Air Elementalist)       Turns: 3568, Time: 00:10:16

Health: -2/32      AC:  2    Str:  9    XL:     6   Next: 97%
Magic:  0/10       EV: 12    Int: 17    God:
Gold:   135        SH:  0    Dex: 14    Spells: 1/9 levels left

rFire    . . .     SeeInvis .   e - +0 dagger
rCold    + . .     Gourm    .   (no shield)
rNeg     . . .     Faith    .   a - +0 robe
rPois    .         Spirit   .   (helmet restricted)
rElec    .         Reflect  .   (no cloak)
rCorr    .         Harm     .   (no gloves)
MR       .....                  (boots unavailable)
Stlth    ++........             (no amulet)
HPRegen  0.10/turn              f - ring of protection from cold
MPRegen  0.12/turn              (no ring)

@: no status effects
A: beak, talons 3, able to fly 1
a: Fly


You were on level 4 of the Dungeon.
You were not hungry.

You visited 1 branch of the dungeon, and saw 4 of its levels.

You collected 135 gold pieces.

Inventory:

Hand Weapons
 e - a +0 dagger (weapon)
Missiles
 k - 8 exploding tomahawks (quivered)
 o - a throwing net
Armour
 a - a +0 robe (worn)
Jewellery
 f - a ring of protection from cold (left hand)
Scrolls
 b - 2 scrolls of teleportation {unknown}
 h - 2 scrolls of enchant armour {unknown}
 j - 4 scrolls of remove curse {unknown}
 m - 2 scrolls of magic mapping
 p - a scroll of blinking {unknown}
Potions
 d - 3 potions of invisibility
 g - a potion of brilliance
 i - 3 potions of curing
 n - a potion of cancellation {unknown}
 q - a potion of flight {unknown}
Comestibles
 c - 8 rations


   Skills:
 - Level 2.1 Dodging
 - Level 2.0 Stealth
 - Level 2.0 Spellcasting
 + Level 6.5 Conjurations
 + Level 7.6 Air Magic


You had one spell level left.
You knew the following spells:

 Your Spells              Type           Power        Failure   Level  Hunger
a - Shock                 Conj/Air       ####         1%          1    #......
b - Static Discharge      Conj/Air       ####....     3%          3    ###....
c - Airstrike             Air            ####......   9%          4    #####..


Dungeon Overview and Level Annotations

Branches:
Dungeon (4/15)
 Temple: D:4-7

Altars:
Qazlal

Annotations:
D:3 exclusion: downstairs
D:4 grindst0ne's ghost, amateur HuAr


Innate Abilities, Weirdness & Mutations

You have a beak for a mouth.
You have claws for feet.
You can fly.


Message History

Press: ? - help, Shift-Dir - straight line, f/p - grindst0ne's ghost
Aim: grindst0ne's ghost (severely damaged)
The zap hits grindst0ne's ghost.
Grindst0ne's ghost is almost destroyed.
Grindst0ne's ghost hits you.
* * * LOW HITPOINT WARNING * * *
Grindst0ne's ghost completely misses you.
There is an open door here.
Grindst0ne's ghost shouts, "You will never get the ORB!"
Casting: Shock (safe; 1% risk of failure)
Confirm with . or Enter, or press ? or * to list all spells.
Aiming: Shock (safe; 1% risk of failure)
Press: ? - help, Shift-Dir - straight line, f/p - grindst0ne's ghost
Aim: grindst0ne's ghost (almost destroyed)
The zap hits grindst0ne's ghost.
Grindst0ne's ghost is almost destroyed.
Grindst0ne's ghost hits you.
* * * LOW HITPOINT WARNING * * *
Grindst0ne's ghost hits you!
You die...

<....# #......#...#.......
.....# #......#...'.......
)....# #......#...#.......
)....# #).).).#...#.......
.....######).....#####.......
.....<.....##'##.............
...........#...#..รท..........
...........#...+...).........
..>........#)..#@............
...........#.#.W.........(..
.....##############.....####
.....# #.....# .....# #.....#
.....# #.....# .....# #.....#
.....# .....#


You could see grindst0ne's ghost.

Vanquished Creatures
  A scorpion (D:4)
  2 orc priests
  4 orc wizards
  A worker ant (D:4)
  4 gnolls (D:4)
  3 adders
  A howler monkey skeleton (D:4)
  A worm (D:2)
  2 dart slugs
  3 leopard geckos
  8 orcs
  7 giant cockroaches
  5 goblins
  9 hobgoblins
  A quokka (D:2)
  9 bats
  5 frilled lizards
  8 kobolds
  12 rats
86 creatures vanquished.

Vanquished Creatures (others)
  An orc wizard (D:4)
1 creature vanquished.

Grand Total: 87 creatures vanquished

Notes
Turn   | Place    | Note
-------+----------+-------------------------------------------
     0 | D:1      | grindst0ne the Tengu Air Elementalist began the quest for the Orb.
     0 | D:1      | Reached XP level 1. HP: 10/10 MP: 4/4
   111 | D:1      | Reached XP level 2. HP: 3/15 MP: 0/6
   795 | D:2      | Reached XP level 3. HP: 19/19 MP: 5/7
   936 | D:2      | Reached skill level 5 in Air Magic
   996 | D:2      | Found a stormy altar of Qazlal.
  1029 | D:2      | Learned a level 3 spell: Static Discharge
  1701 | D:3      | Reached XP level 4. HP: 24/24 MP: 6/8
  2152 | D:3      | Gained mutation: You can fly. [Tengu growth]
  2152 | D:3      | Reached XP level 5. HP: 28/28 MP: 2/9
  2163 | D:3      | Reached skill level 6 in Air Magic
  2641 | D:4      | Reached skill level 5 in Conjurations
  2655 | D:4      | Learned a level 4 spell: Airstrike
  2673 | D:4      | Reached XP level 6. HP: 20/32 MP: 0/10
  2902 | D:4      | Noticed grindst0ne's ghost (amateur HuAr)
  3086 | D:4      | Reached skill level 7 in Air Magic
  3568 | D:4      | Slain by grindst0ne's ghost

Vault maps used:
D:1:      scummos_arrival_gate, due_unseen_surprise
D:2:      grunt_qazlal_clouds
D:3:      grunt_ministairs_1, minivault_14
D:4:      first_ration, kennysheep_orc_chapel

Skill      XL: |  1  2  3  4  5  6 |
---------------+-------------------+-----
Conjurations   | 2 3 4 5 6 |  6.5
Air Magic      | 5 6 7 |  7.6
Dodging        | |  2.1
Stealth        | |  2.0
Spellcasting   | |  2.0

Action                   |  1- 3 |  4- 6 || total
-------------------------+-------+-------++-------
Melee: Dagger            |    23 |    25 ||    48
       Kick              |     6 |     5 ||    11
       Peck              |     2 |     5 ||     7
Throw: Tomahawk          |       |     2 ||     2
 Cast: Shock             |    82 |    85 ||   167
       Static Discharge  |     2 |     7 ||     9
  Use: Scroll            |       |     5 ||     5
       Potion            |       |     1 ||     1
 Stab: Sleeping          |       |     2 ||     2
  Eat: Chunk             |     4 |     8 ||    12
Armor: Robe              |    17 |     6 ||    23
Dodge: Dodged            |    42 |    18 ||    60

Table legend:
 A = Spawn XP
 B = Non-spawn XP
 C = Spawn XP percentage of total XP
 D = Spawn monster count
 E = Non-spawn monster count
 F = Spawn count percentage of total count
 G = Total turns spent on level
                    A         B        C        D         E        F      G
               +---------+---------+-------+---------+---------+-------+---------
         Total |       0 |     611 |   0.0 |       0 |      87 |   0.0 |  3568
               +---------+---------+-------+---------+---------+-------+---------
           D:1 |       0 |      32 |   0.0 |       0 |      19 |   0.0 |   858
           D:2 |       0 |      46 |   0.0 |       0 |      22 |   0.0 |   766
           D:3 |       0 |     152 |   0.0 |       0 |      27 |   0.0 |  1014
           D:4 |       0 |     381 |   0.0 |       0 |      19 |   0.0 |   930
               +---------+---------+-------+---------+---------+-------+---------
